 Dungeon Crawl Stone Soup version 0.23.2 (webtiles) character file.

Game seed: 9699843776873627196

648 raptilas the Cutter (level 7, -1/54 HPs)
             Began as a Human Fighter on Apr 3, 2019.
             Killed by divine providence
             ... invoked by an orc priest
              (10 damage)
             ... on level 5 of the Dungeon.
             The game lasted 00:18:32 (3488 turns).

raptilas the Cutter (Human Fighter)                 Turns: 3488, Time: 00:18:33

Health: -1/54      AC: 15    Str: 18    XL:     7   Next: 83%
Magic:  6/6        EV:  8    Int:  9    God:
Gold:   286        SH:  9    Dex: 12    Spells: 6/6 levels left

rFire    + + .     SeeInvis +   i - +4 falchion
rCold    x . .     Gourm    .   c - +0 shield
rNeg     . . .     Faith    .   g - +2 fire dragon scales
rPois    .         Spirit   .   s - +0 helmet
rElec    .         Reflect  .   (no cloak)
rCorr    .         Harm     .   (no gloves)
MR       .....                  k - +1 pair of boots
Stlth    ..........             (no amulet)
HPRegen  0.58/turn              j - ring of see invisible {a}
MPRegen  0.10/turn              (no ring)

@: no status effects
A: low mp 1, regeneration 1
a: no special abilities


You were on level 5 of the Dungeon.
You were not hungry.

You visited 1 branch of the dungeon, and saw 5 of its levels.

You collected 286 gold pieces.

Inventory:

Hand Weapons
 a - a +1 rapier
 i - a +4 falchion (weapon)
 p - a +0 scythe
 r - a +0 giant spiked club
Armour
 c - a +0 shield (worn)
 g - +2 fire dragon scales (worn)
 k - a +1 pair of boots (worn)
 s - a +0 helmet (worn)
Jewellery
 j - a ring of see invisible (left hand) {a}
Wands
 q - a wand of enslavement (17)
Scrolls
 e - a scroll of identify
 l - 3 scrolls of teleportation
 n - 2 scrolls of remove curse
 v - a scroll of magic mapping
Potions
 d - a potion of might
 h - a potion of lignification
Comestibles
 f - 7 rations


   Skills:
 + Level 4.0 Fighting
 + Level 4.9(5.0) Short Blades
 + Level 0.4(3.0) Long Blades
 + Level 4.8 Armour
 + Level 1.9 Dodging
 + Level 0.3 Stealth
 + Level 4.6 Shields


You had 6 spell levels left.
You didn't know any spells.
Your spell library was empty.

Dungeon Overview and Level Annotations

Branches:
Dungeon (5/15)
 Temple: D:4-7

Altars:
Fedhas


Innate Abilities, Weirdness & Mutations

Your magical capacity is low. (-10% MP)
Your natural rate of healing is unusually fast.


Message History

* * * LOW HITPOINT WARNING * * *
There is a stone staircase leading down here.
The orc priest begins to cast a cantrip, but forgets the words!
The orc priest invokes the aid of Beogh against you.
Beogh smites you!
* * * LOW HITPOINT WARNING * * *
It was a potion of cancellation.
You feel magically purged.
It was a potion of mutation.
You feel extremely strange.
You feel less energetic.
You begin to heal more quickly.
The orc priest hits you but does no damage.
There is a stone staircase leading down here.
The orc priest looks encouraged for a moment.
There is an open door here.
The orc priest begins to cast a cantrip, but forgets the words!
The orc priest calls down the wrath of Beogh upon you.
Beogh smites you!
* * * LOW HITPOINT WARNING * * *
The orc priest mumbles some strange prayers to Beogh against you.
Beogh smites you!
You die...

.#.#.#.#.#
#.#########
#.#.#.##.# #.#
.#.#.#.#.# #.#
#.#.#.##.# #.#
.#†#o#.#.# #.#
#.#.#.##.# #.#
.#.#†#.#.# #.#
#.#.#.##.##########.#
.#.#.#.#.#......@...#
..#.#.##.#o##########
...#.#..>#.#
≈...#.##.#.#
≈≈.#.#.#o#o#
≈≈..#.#..#'######
≈≈≈..#..........#
≈≈≈...#.........#
≈≈≈(.#+.........#


You could see an orc priest.

Vanquished Creatures
  Sigmund (D:3)
  An ogre (D:4)
  2 scorpions
  A water moccasin skeleton (D:4)
  A crimson imp (D:4)
  An orc priest (D:4)
  A centaur skeleton (D:4)
  An iguana (D:5)
  7 adders
  A worm (D:4)
  A leopard gecko (D:4)
  8 orcs
  4 bats
  4 giant cockroaches
  6 hobgoblins
  2 jackals (D:2)
  2 quokkas (D:5)
  3 frilled lizards
  8 goblins
  8 kobolds
  9 rats
72 creatures vanquished.

Notes
Turn   | Place    | Note
-------+----------+-------------------------------------------
     0 | D:1      | raptilas the Human Fighter began the quest for the Orb.
     0 | D:1      | Reached XP level 1. HP: 18/18 MP: 1/1
   239 | D:1      | Reached XP level 2. HP: 24/24 MP: 2/2
   863 | D:2      | Reached XP level 3. HP: 29/29 MP: 3/3
  1526 | D:3      | Reached XP level 4. HP: 35/35 MP: 4/4
  1609 | D:3      | Noticed Sigmund
  1633 | D:3      | Killed Sigmund
  1633 | D:3      | Reached skill level 1 in Dodging
  1633 | D:3      | Reached XP level 5. HP: 31/41 MP: 5/5
  1633 | D:3      | Reached XP level 6. HP: 35/47 MP: 6/6
  2398 | D:4      | Reached XP level 7. HP: 52/52 MP: 7/7
  3269 | D:5      | Entered Level 5 of the Dungeon
  3336 | D:5      | Found a blossoming altar of Fedhas.
  3460 | D:5      | Gained mutation: Your magical capacity is low. (-10% MP)
                  | [potion of mutation]
  3460 | D:5      | Gained mutation: Your natural rate of healing is unusually
                  | fast. [potion of mutation]
  3488 | D:5      | Killed from afar by an orc priest

Skill      XL: |  1  2  3  4  5  6  7 |
---------------+----------------------+-----
Short Blades   | 3 4 |  4.9
Dodging        | 1 |  1.9
Shields        | 4 |  4.6
Armour         | 4 |  4.8
Fighting       | 4 |  4.0
Long Blades    | |  0.4
Stealth        | |  0.3

Action                   |  1- 3 |  4- 6 |  7- 9 || total
-------------------------+-------+-------+-------++-------
Melee: Rapier            |    96 |    93 |    26 ||   215
       Falchion          |       |       |    61 ||    61
Evoke: Wand              |       |       |     2 ||     2
  Use: Scroll            |     6 |     3 |     6 ||    15
       Potion            |     1 |       |     6 ||     7
  Eat: Chunk             |     2 |       |       ||     2
       Ration            |       |     1 |     1 ||     2
Armor: Fire dragon scale |    53 |    42 |    68 ||   163
       Scale mail        |     2 |       |       ||     2
Dodge: Dodged            |    28 |    27 |    37 ||    92
Block: Shield            |    66 |    34 |    58 ||   158
       Rpst.: Falchion   |       |       |     5 ||     5
